 Dungeon Crawl Stone Soup version 0.30.0-29-ga12c61a403 (webtiles) character file.

Game seed: 11997445573027478431

28 BONEBRO the Caller (level 3, -2/24 HPs)
             Began as a Merfolk Summoner on June 25, 2023.
             Slain by a gnoll
             ... wielding a +0 flail
              (4 damage)
             ... on level 1 of the Dungeon.
             The game lasted 00:04:24 (745 turns).

BONEBRO the Caller (Merfolk Summoner)                Turns: 745, Time: 00:04:24

Health: -2/24      AC:  4    Str: 10    XL:     3   Next: 14%
Magic:  0/6        EV: 12    Int: 14    God:
Gold:   116        SH:  0    Dex: 14    Spells: 5/6 levels left

rFire   . . .        d - +0 sling
rCold   . . .        (no shield)
rNeg    . . .        g - +0 leather armour
rPois   .            f - +0 helmet
rElec   .            (no cloak)
rCorr   .            (no gloves)
SInv    .            (no boots)
Will    .....        (no amulet)
Stlth   ++           (no ring)
HPRegen 0.24/turn    (no ring)
MPRegen 0.10/turn

%: no passive effects
@: no status effects
A: (nimble swimmer 2), mertail
a: no special abilities


You were on level 1 of the Dungeon.
You visited 1 branch of the dungeon, and saw 2 of its levels.

You collected 116 gold pieces.

Inventory:

Hand Weapons
 d - a +0 sling (weapon)
 j - a +0 quarterstaff
Missiles
 n - 4 curare-tipped darts
Armour
 a - a +0 robe
 f - a +0 helmet (worn)
 g - a +0 leather armour (worn)
Scrolls
 c - a scroll of identify {unknown}
 e - a scroll of fear {unknown}
 h - a scroll of teleportation {unknown}
 i - a scroll of immolation {unknown}
 l - a scroll of amnesia {unknown}
 p - a scroll of enchant armour {unknown}
 q - a scroll of magic mapping {unknown}
Potions
 b - a potion of magic
 k - a potion of might {unknown}
 m - a potion of degeneration {unknown}
 o - a potion of attraction {unknown}


   Skills:
 - Level 2.8 Dodging
 - Level 2.2 Stealth
 - Level 2.0 Spellcasting
 + Level 4.9 Summonings


You had 5 spell levels left.
You knew the following spells:

 Your Spells              Type           Power      Damage    Failure   Level
a - Summon Small Mammal   Summ           60%        N/A       4%          1

Your spell library contained the following spells:

 Spells                   Type           Power      Damage    Failure   Level
 Call Imp                 Summ           30%        N/A       6%          2
 Call Canine Familiar     Summ           15%        N/A       13%         3
 Summon Guardian Golem    Hex/Summ       8%         N/A       34%         3
 Summon Lightning Spire   Summ/Air       8%         N/A       75%         4


Dungeon Overview and Level Annotations

Branches:
Dungeon (2/15)

Altars:


Innate Abilities, Weirdness & Mutations

((You are very nimble when in or above water. (Stealth+, EV+, Speed+++)))
Your lower body shifts to a powerful aquatic tail in water.


Message History

The sling bullet hits the gnoll but does no damage.
The gnoll is moderately wounded.
Your bat hits the gnoll.
The gnoll hits your bat with a +0 flail!
Your bat dies!
Your bat's corpse disappears in a puff of smoke!
Casting: Summon Small Mammal (safe; 4% risk of failure)
Confirm with . or Enter, or press ? or * to list all spells.
Casting: Summon Small Mammal (safe; 4% risk of failure)
Confirm with . or Enter, or press ? or * to list all spells.
Your bat closely misses the gnoll.
The gnoll completely misses you.
The gnoll hits you from afar with a +0 spear.
The gnoll hits your bat with a +0 whip.
Your bat dies!
Your bat's corpse disappears in a puff of smoke!
Your bat hits the gnoll but does no damage. x2
The gnoll hits your bat with a +0 flail!
Your bat dies!
Your bat's corpse disappears in a puff of smoke!
The gnoll hits you from afar with a +0 spear.
The gnoll shouts!
A mysterious force pulls you upwards. The hatch slams shut behind you.
You shoot a sling bullet.
The sling bullet hits the gnoll but does no damage.
The gnoll is moderately wounded.
The gnoll hits you with a +0 flail.
You are too injured to fight recklessly!
You are too injured to fight recklessly!
Casting: Summon Small Mammal (safe; 4% risk of failure)
Confirm with . or Enter, or press ? or * to list all spells.
The gnoll barely misses you.
Fire: d) +0 sling
Press: ? - help, Q - select action, (/) - cycle Shift-Dir - straight line, f/p - gnoll
Aim: a gnoll, wielding a +0 flail (moderately wounded, ally target, 58% to hit)
You shoot a sling bullet.
The sling bullet completely misses the gnoll.
The gnoll hits you with a +0 flail!
* * * LOW HITPOINT WARNING * * *
The gnoll attacks as you move away! The gnoll hits you with a +0 flail.
You die...

.(## #..### #..######
########.## #.....÷.#
##......# #.......#
##.....###### #.......#
#..#.#......###.......#
.....###..............#
......#..#..###.......#
.....†..###.# #.......#
..........#.# #.@.....#
....##.....[# #.rg....#
....######### #.......#
....# ######### ....#
#####


You could see a gnoll (ally target) and a friendly quokka (summoned).

Vanquished Creatures
  A dart slug (D:1)
  A ball python (D:1)
  An endoplasm (D:1)
  3 giant cockroaches
  3 goblins
  2 hobgoblins
  2 quokkas
  3 bats
  2 frilled lizards (D:1)
  2 kobolds (D:1)
  A rat (D:1)
21 creatures vanquished.

Vanquished Creatures (collateral kills)
  A goblin (D:1)
  A hobgoblin (D:1)
  A frilled lizard (D:1)
3 creatures vanquished.

Grand Total: 24 creatures vanquished

Notes
Turn   | Place    | Note
-------+----------+-------------------------------------------
     0 | D:1      | BONEBRO the Merfolk Summoner began the quest for the Orb.
     0 | D:1      | Reached XP level 1. HP: 13/13 MP: 3/3
    83 | D:1      | Reached XP level 2. HP: 14/19 MP: 5/5
   243 | D:1      | Found a faded altar of an unknown god.
   578 | D:2      | Reached XP level 3. HP: 24/24 MP: 6/6
   745 | D:1      | Slain by a gnoll

Illustrated notes

Levels and vault maps discovered:
D:1:      ebering_hopf_link, layout_rooms, ebering_ecumenical_altar_hall,
          hangedman_decor_clover_reticule, minmay_pentomino_r2
D:2:      layout_rooms, serial_glass, glass_columns_b, glass_columns_b,
          glass_columns_b, glass_columns_a, minmay_misc_feat_four_crosses

Action                     || total
---------------------------++-------
  Melee: Unarmed           ||     3
   Fire: Sling             ||    94
   Cast: Summon Small Mamm ||    15
 Armour: Leather armour    ||    20
         Robe              ||     2
  Dodge: Dodged            ||    46
